 Dungeon Crawl Stone Soup version 0.25-a0-251-g572059c536 (webtiles) character file.

Game seed: 2658299585597339259, levelgen mode: classic

4487 Borgoz the Carver (level 10, -6/88 HPs)
             Began as a Hill Orc Fighter on Dec 4, 2019.
             Was a Follower of Ashenzari.
             Shot with an arrow by a centaur warrior (23 damage)
             ... on level 10 of the Dungeon.
             The game lasted 00:19:22 (8728 turns).

Borgoz the Carver (Hill Orc Fighter)                Turns: 8728, Time: 00:19:22

Health: -6/88      AC: 19    Str: 23    XL:     10   Next: 38%
Magic:  13/13      EV:  7    Int: 14    God:    Ashenzari [*.....]
Gold:   513        SH:  6    Dex: 12    Spells: 9/9 levels left

rFire    . . .     SeeInvis .   a - +2 long sword (vamp) (curse)
rCold    . . .     Gourm    .   J - +0 buckler
rNeg     . . .     Faith    .   p - +1 plate armour of Dawn {rElec Regen+ Int+6 Stlth-} (curse)
rPois    .         Spirit   .   d - +1 helmet
rElec    +         Reflect  .   N - +1 cloak
rCorr    +         Harm     .   (no gloves)
MR       .....                  (no boots)
Stlth    ..........             g - amulet of rage (curse)
HPRegen  0.64/turn              E - +2 ring of strength
MPRegen  0.13/turn              L - ring of resist corrosion

@: hasted, very quick
A: no striking features
a: Curse Item, Scrying, Renounce Religion, Convert to Beogh, Evoke Berserk Rage


You were on level 10 of the Dungeon.
You worshipped Ashenzari.
Ashenzari was aware of your devotion.
You were hungry.

You visited 2 branches of the dungeon, and saw 11 of its levels.

You collected 581 gold pieces.
You spent 68 gold pieces at shops.

Inventory:

Hand Weapons
 a - a cursed +2 vampiric long sword (weapon)
 k - a cursed -2 long sword
Missiles
 I - a throwing net (quivered)
Armour
 b - a +2 chain mail of poison resistance
 c - a +1 shield
 d - a +1 helmet (worn)
 p - the cursed +1 plate armour of Dawn (worn) {rElec Regen+ Int+6 Stlth-}
   (You found it on level 4 of the Dungeon)

   It affects your intelligence (+6).
   It insulates you from electricity.
   It increases your rate of regeneration.
   It makes you less stealthy.
   It has a curse placed upon it.
 D - the +3 leather armour of the Bulwark {Str+7 SInv}
   (You found it on level 10 of the Dungeon)

   It affects your strength (+7).
   It lets you see invisible.
 J - a +0 buckler (worn)
 N - a +1 cloak (worn)
Jewellery
 e - an uncursed ring of magical power
 g - a cursed amulet of rage (around neck)
 o - an uncursed ring of fire
 C - an uncursed amulet of the gourmand
 E - a +2 ring of strength (left hand)
 F - an uncursed ring of wizardry
 L - a ring of resist corrosion (right hand)
Wands
 r - a wand of iceblast (3)
 w - a wand of paralysis (18)
 A - a wand of disintegration (12)
 H - a wand of scattershot (3)
Scrolls
 h - 5 scrolls of remove curse
 n - 2 scrolls of teleportation
 t - 3 scrolls of magic mapping
 v - a scroll of fog
 y - 2 scrolls of amnesia
 K - a scroll of acquirement {unknown}
Potions
 i - 2 potions of curing
 l - 2 potions of heal wounds
 m - 3 potions of berserk rage
 q - 2 potions of magic
 s - a potion of might
 u - a potion of brilliance
 x - a potion of resistance
 z - 3 potions of lignification
 B - a potion of flight
 G - a potion of ambrosia
Comestibles
 f - 16 rations


   Skills:
 + Level 8.1 Fighting
 * Level 9.1 Long Blades
 * Level 8.1 Armour
 + Level 0.4 Dodging
 - Level 7.9 Shields
 + Level 0.3 Spellcasting
 + Level 5.2 Evocations


You had 9 spell levels left.
You didn't know any spells.
Your spell library contained the following spells:

 Spells                   Type           Power        Failure   Level  Hunger
 Magic Dart               Conj           #...         98%         1    ##.....
 Blink                    Tloc           N/A          99%         2    ###....
 Call Imp                 Summ           #.......     99%         2    ###....
 Slow                     Hex            #.......     99%         2    ###....
 Conjure Flame            Conj/Fire      #.......     100%        3    ####...
 Mephitic Cloud           Conj/Pois/Air  #.......     100%        3    ####...


Dungeon Overview and Level Annotations

Branches:
Dungeon (10/15)            Temple (1/1) D:7
   Lair: D:8-11         Orc: D:9-12

Altars:
Ashenzari
Cheibriados
Dithmenos
Elyvilon
Fedhas
Gozag
Hepliaklqana
Kikubaaqudgha
Makhleb
Nemelex Xobeh
Okawaru
Qazlal
Ru
Sif Muna
Trog
Uskayaw
Vehumet
Wu Jian
Xom
Yredelemnul
Zin
The Shining One

Shops:
D:9 *

Annotations:
D:9 exclusion: ice statue


Message History

The centaur warrior wields a +0 shortbow of velocity.
The centaur warrior shoots an arrow.
The arrow hits you but does no damage.
You see here 2 arrows.
The centaur warrior shoots an arrow.
The arrow hits you!
* * * LOW HITPOINT WARNING * * *
x2 You see here an arrow.
Okay, then.
You feel yourself speed up.
The centaur warrior shoots an arrow.
The arrow barely misses you.
The orc priest mumbles some strange prayers to Beogh against you.
Beogh smites you!
* * * LOW HITPOINT WARNING * * *
The centaur warrior shoots an arrow.
The arrow hits you!
* * * LOW HITPOINT WARNING * * *
x2 You feel much better.
The orc priest calls down the wrath of Beogh upon you.
Beogh smites you!
* * * LOW HITPOINT WARNING * * *
The centaur warrior shoots an arrow.
The arrow hits you!!
You die...

#.#####.........
###.# #.........
#...# #...###+##
#...# #...#....
#(..#####.###.....
#.........#.......
#.#######.........
#.#.....#.........
#@#(....#.......#
#(#.............##
#†#.....'.........
##c#####'....##..o.
#ohhh.o.oog..##....
#goo..[o.#...(..o.o
#.ooo..o.#.........
#.....####..##.....
####..#.....##.....


You could see a centaur warrior, 2 wargs, 2 orc priests, an orc wizard, 2 orcs
and a goblin.

Vanquished Creatures
  A two-headed ogre (D:9)
  6 yaks (D:8)
  2 hungry ghosts
  2 orc warriors
  2 black bears
  A sky beast (D:7)
  2 phantoms
  A centaur (D:9)
  2 ogres
  4 bullfrogs
  9 killer bees
  3 howler monkeys
  2 jellies
  5 crimson imps
  Crazy Yiuf (D:6)
  A bullfrog skeleton (D:8)
  3 hounds
  3 orc priests
  4 orc wizards
  A centaur skeleton (D:5)
  An iguana (D:7)
  A worker ant (D:8)
  2 hound zombies
  A worker ant zombie (D:8)
  4 gnolls (D:7)
  14 adders
  2 shadow imps
  2 oozes
  An adder skeleton (D:3)
  3 worms (D:3)
  A dart slug (D:3)
  6 leopard geckos
  22 orcs
  4 giant cockroaches
  5 goblins
  5 hobgoblins
  5 quokkas
  A ball python (D:2)
  8 bats
  11 frilled lizards
  5 kobolds
  2 leopard gecko skeletons (D:6)
  A quokka zombie (D:6)
  9 rats
171 creatures vanquished.

Notes
Turn   | Place    | Note
-------+----------+-------------------------------------------
     0 | D:1      | Borgoz the Hill Orc Fighter began the quest for the Orb.
     0 | D:1      | Reached XP level 1. HP: 19/19 MP: 1/1
   371 | D:1      | Reached XP level 2. HP: 25/27 MP: 2/2
   873 | D:2      | Reached XP level 3. HP: 33/33 MP: 3/3
  1290 | D:2      | Reached skill level 3 in Long Blades
  1290 | D:2      | Reached XP level 4. HP: 40/40 MP: 4/4
  1783 | D:3      | Reached XP level 5. HP: 22/47 MP: 5/5
  2449 | D:3      | Reached skill level 5 in Fighting
  2478 | D:3      | Found a shadowy altar of Dithmenos.
  2557 | D:3      | Found a hazy altar of Hepliaklqana.
  2558 | D:3      | Found a shimmering altar of Xom.
  2559 | D:3      | Noticed a spectral ugly thing
  2922 | D:4      | Reached XP level 6. HP: 56/56 MP: 6/6
  3272 | D:4      | Found a burning altar of Makhleb.
  3278 | D:4      | Reached skill level 4 in Long Blades
  3347 | D:4      | Found Edilotyh's Antique Weapon Shop.
  3456 | D:4      | Got a transparent plate armour
  3467 | D:4      | Identified the cursed +1 plate armour of Dawn {rElec Regen+
                  | Int+6 Stlth-} (You found it on level 4 of the Dungeon)
  3617 | D:4      | Noticed a phantom
  3696 | D:4      | Killed a phantom
  3696 | D:4      | Reached skill level 1 in Evocations
  3928 | D:5      | Entered Level 5 of the Dungeon
  4028 | D:5      | Reached XP level 7. HP: 57/61 MP: 7/7
  4180 | D:5      | Reached skill level 5 in Armour
  4258 | D:5      | Found a blossoming altar of Fedhas.
  4280 | D:5      | Reached skill level 5 in Shields
  4437 | D:5      | Found a sacrificial altar of Ru.
  4470 | D:5      | Reached skill level 5 in Long Blades
  4743 | D:5      | Found a shimmering blue altar of Sif Muna.
  5015 | D:6      | Found a runed translucent door.
  5016 | D:6      | Noticed Crazy Yiuf
  5155 | D:6      | Reached XP level 8. HP: 70/70 MP: 9/9
  5279 | D:6      | Found a glowing golden altar of the Shining One.
  5513 | D:6      | Found a burning altar of Makhleb.
  5706 | D:6      | Killed Crazy Yiuf
  5873 | D:7      | Found a shattered altar of Ashenzari.
  5905 | D:7      | Reached skill level 6 in Long Blades
  5971 | D:7      | Became a worshipper of Ashenzari the Shackled
  6350 | D:7      | Found a glowing silver altar of Zin.
  6350 | D:7      | Found an ornate altar of the Wu Jian Council.
  6467 | D:7      | Found a staircase to the Ecumenical Temple.
  6664 | D:7      | Found a stormy altar of Qazlal.
  6667 | D:7      | Noticed a water elemental
  6667 | D:7      | Noticed an air elemental
  6748 | Temple   | Entered the Ecumenical Temple
  7135 | D:8      | Noticed a yak
  7135 | D:8      | Noticed a yak
  7135 | D:8      | Noticed a yak
  7136 | D:8      | Noticed a yak
  7136 | D:8      | Noticed a yak
  7137 | D:8      | Noticed a yak
  7160 | D:8      | Killed a yak
  7160 | D:8      | Reached skill level 7 in Long Blades
  7160 | D:8      | Reached XP level 9. HP: 75/78 MP: 11/11
  7242 | D:8      | Reached skill level 8 in Long Blades
  8117 | D:9      | Found Cemisah's Assorted Antiques.
  8125 | D:9      | Found a sacrificial altar of Ru.
  8128 | D:9      | Bought a scroll of identify for 34 gold pieces
  8128 | D:9      | Bought a scroll of identify for 34 gold pieces
  8146 | D:9      | Found a bloodstained altar of Trog.
  8146 | D:9      | Noticed a two-headed ogre
  8165 | D:9      | Killed a two-headed ogre
  8165 | D:9      | Reached skill level 5 in Evocations
  8165 | D:9      | Reached XP level 10. HP: 82/88 MP: 13/13
  8254 | D:9      | Reached skill level 9 in Long Blades
  8300 | D:9      | Noticed an ice statue
  8446 | D:10     | Entered Level 10 of the Dungeon
  8540 | D:10     | Identified the +3 leather armour of the Bulwark {Str+7
                  | SInv}
  8686 | D:10     | Reached * piety under Ashenzari
  8690 | D:10     | Noticed a centaur warrior
  8727 | D:10     | HP: 4/88 [centaur warrior/arrow (2)]
  8728 | D:10     | Shot with an arrow by a centaur warrior

Levels and vault maps discovered:
D:1:      wander_arrival_fairy_ring, layout_loops_corners
D:2:      layout_rooms, first_ration
D:3:      layout_basic, regret_index_temple_of_mockery,
          nicolae_dithmenos_through_a_glass_darkly
D:4:      minmay_door_path, layout_basic, makhleb_grotto_becter, serial_shops,
          shop
D:5:      layout_basic, fedhas_ov_isle_minmay, lemuel_crystal_altar,
          nicolae_ru_sacrificial_ziggurat
D:6:      layout_loops_ring, tso_metal_star, basic_altar,
          uniq_crazy_yiuf_cottage
D:7:      layout_loops_ring, ashenzari_conservatory_becter,
          gammafunk_temple_overflow_elements, nicolae_qazlal_style_of_elements,
          minmay_temple_entry_nine_rooms
D:8:      layout_loops_cross, grunt_ogre_cave
D:9:      lemuel_ice_statue, layout_basic, overflow_temple_1_default,
          lemuel_crystal_altar, serial_shops, shop
D:10:     minmay_blocky_corners, layout_irregular_city, erik_orc_4
Temple:   jpeg_temple_alley_garden

Skill      XL: |  1  2  3  4  5  6  7  8  9 10 |
---------------+-------------------------------+-----
Fighting       | 4 5 6 8 |  8.1
Long Blades    | 3 4 5 7 8 9 |  9.1
Armour         | 4 5 6 7 8 |  8.1
Shields        | 4 5 6 7 |  7.9
Evocations     | 1 2 3 5 |  5.2
Dodging        | |  0.4
Spellcasting   | |  0.3

Action                   |  1- 3 |  4- 6 |  7- 9 | 10-12 || total
-------------------------+-------+-------+-------+-------++-------
Melee: Long sword        |   111 |   220 |   563 |    85 ||   979
Throw: Throwing net      |       |       |     1 |       ||     1
Invok: Curse Item        |       |       |       |     2 ||     2
 Abil: Evoke Berserk Rag |       |       |     1 |     1 ||     2
  Use: Scroll            |     4 |     8 |    13 |     1 ||    26
       Potion            |       |     5 |     3 |     3 ||    11
 Stab: Invisible         |       |       |     4 |       ||     4
       Held in net/web   |       |       |     2 |       ||     2
  Eat: Chunk             |     1 |     7 |    16 |     1 ||    25
       Ration            |       |     1 |     1 |     1 ||     3
Armor: Scale mail        |    62 |    94 |       |       ||   156
       Plate armour      |       |    27 |   313 |    48 ||   388
Dodge: Dodged            |    47 |    56 |   106 |    28 ||   237
Block: Shield            |    73 |   112 |   260 |       ||   445
       Buckler           |       |       |     7 |    25 ||    32
       Rpst.: Long sword |    14 |    21 |    35 |    12 ||    82

Table legend:
 A = Non-vault XP
 B = Vault XP
 C = Vault XP percentage of total XP
 D = Non-vault monster count
 E = Vault monster count
 F = Vault count percentage of total count
                 A         B        C        D         E       F
            +---------+---------+-------+---------+---------+-------
      Total |    6135 |     275 |   4.3 |     166 |       5 |   2.9
            +---------+---------+-------+---------+---------+-------
        D:1 |      18 |       0 |   0.0 |      12 |       0 |   0.0
        D:2 |      97 |       0 |   0.0 |      30 |       0 |   0.0
        D:3 |     198 |       0 |   0.0 |      26 |       0 |   0.0
        D:4 |     136 |     106 |  43.8 |       4 |       3 |  42.9
        D:5 |     418 |       0 |   0.0 |      20 |       0 |   0.0
        D:6 |     443 |      44 |   9.0 |      14 |       1 |   6.7
        D:7 |     594 |       0 |   0.0 |      15 |       0 |   0.0
        D:8 |    1957 |     125 |   6.0 |      21 |       1 |   4.5
        D:9 |    1656 |       0 |   0.0 |      13 |       0 |   0.0
       D:10 |     618 |       0 |   0.0 |      11 |       0 |   0.0
            +---------+---------+-------+---------+---------+-------
